Map: Ulrena

Players

Lind

  • Race: Protoss Protoss
  • League: Master

Tang - Winner!

  • Race: Zerg Zerg
  • League: Master

VOD

Have the link to the VOD?

Description

Time

  • Played on: Jan. 1, 2016, 1:39 p.m.
  • Length: 4:53
Show
View Real Time Build Order
Export as new Build Order

Lind Protoss 

Build Orders: 1 Gate Expand 

Get SALT Encoding   

  12  0:01  Probe (Chrono Boost)  
  13  0:11  Probe (Chrono Boost)  
  14  0:19  Pylon  
  14  0:22  Probe (Chrono Boost)  
  15  0:37  Probe (Chrono Boost)  
  15  0:40  Gateway  
  16  0:48  Probe (Chrono Boost)  
  17  0:58  Probe (Chrono Boost)  
  18  1:09  Probe (Chrono Boost)  
  19  1:17  Nexus  
  20  1:25  Probe (Chrono Boost)  
  20  1:28  Assimilator  
  20  1:36  Cybernetics Core  
  22  1:53  Pylon  
  22  1:54  Probe (Chrono Boost)  
  22  1:58  Assimilator  
  23  2:06  Probe (Chrono Boost)  
  22  2:17  Probe (Chrono Boost)  
  23  2:24  Warp Gate  
  23  2:25  Adept  
  23  2:27  Probe (Chrono Boost)  
  26  2:34  Probe (Chrono Boost)  
  27  2:38  Probe (Chrono Boost)  
  28  2:44  Probe (Chrono Boost)  
  28  2:48  Probe (Chrono Boost)  
  29  2:55  Probe (Chrono Boost)  
  30  2:59  Probe (Chrono Boost)  
  31  3:06  Probe (Chrono Boost)  
  31  3:12  Pylon  
  32  3:16  Mothership Core (Chrono Boost)  
  32  3:19  Sentry, Nexus  
  36  3:23  Probe (Chrono Boost)  
  36  3:26  Pylon  
  37  3:34  Probe (Chrono Boost)  
  38  3:37  Probe (Chrono Boost)  
  38  3:38  Pylon  
  39  3:44  Probe (Chrono Boost)  
  39  3:48  Probe (Chrono Boost)  
  41  3:53  Pylon  
  41  3:55  Probe (Chrono Boost)  
  42  3:57  Stargate  
  42  3:58  Probe (Chrono Boost)  
  42  4:02  Stargate  
  43  4:04  Forge  
  43  4:05  Probe (Chrono Boost)  
  43  4:09  Pylon, Probe (Chrono Boost)  
  45  4:16  Probe (Chrono Boost)  
  46  4:19  Probe (Chrono Boost)  
  45  4:38  Pylon  
  45  4:40  Pylon  
Show
View Real Time Build Order
Export as new Build Order

Tang Zerg - Winner!

Build Orders: Pool First 

Get SALT Encoding   

  12  0:01  Drone  
  13  0:12  Overlord  
  13  0:17  Drone  
  14  0:30  Drone x2  
  14  0:34  Drone  
  17  0:45  Drone  
  18  0:51  Spawning Pool  
  18  0:56  Drone  
  18  0:59  Extractor  
  17  1:07  Drone  
  18  1:20  Hatchery  
  17  1:27  Drone  
  17  1:29  Drone  
  19  1:38  Queen  
  21  1:41  Overlord  
  21  1:50  Zergling x2  
  22  2:04  Metabolic Boost  
  22  2:08  Zergling x2  
  22  2:13  Queen  
  25  2:18  Zergling x2  
  26  2:26  Overlord  
  26  2:33  Zergling x4  
  28  2:49  Zergling x4  
  30  2:53  Zergling x6  
  33  3:00  Overlord  
  33  3:01  Overlord  
  33  3:10  Roach Warren  
  30  3:51  Roach x9  
  48  3:57  Zergling x8  
  52  4:04  Zergling x4  
  52  4:07  Zergling x2  
  55  4:20  Zergling x8  
  58  4:34  Overlord x3  
Tags
 
Add a new tag
Caveats
  • Supply blocks, unpowered buildings, or Contaminate may cause inaccurate times.
  • Supply counts are checked every 10 seconds.